 Dungeon Crawl Stone Soup version 0.24.0-29-g8ce449bc06 (webtiles) character file.

Game seed: 5586853795892754081, levelgen mode: deterministic

529 Curus the Basher (level 7, -3/57 HPs)
             Began as a Minotaur Fighter on Nov 14, 2019.
             Slain by a sky beast (5 damage)
             ... on level 3 of the Dungeon.
             The game lasted 00:12:03 (3753 turns).

Curus the Basher (Minotaur Fighter)                 Turns: 3753, Time: 00:12:05

Health: -3/57      AC: 12    Str: 20    XL:     7   Next: 3%
Magic:  6/6        EV:  3    Int:  7    God:
Gold:   274        SH: 10    Dex: 10    Spells: 6/6 levels left

rFire    . . .     SeeInvis .   a - +1 flail
rCold    . . .     Gourm    .   c - +1 shield
rNeg     . . .     Faith    .   j - +0 plate armour
rPois    +         Spirit   .   (helmet restricted)
rElec    .         Reflect  .   (no cloak)
rCorr    .         Harm     .   e - +0 pair of gloves
MR       .....                  (no boots)
Stlth    ..........             (no amulet)
HPRegen  0.19/turn              i - ring of poison resistance
MPRegen  0.10/turn              (no ring)

@: no status effects
A: retaliatory headbutt, horns 2
a: no special abilities


You were on level 3 of the Dungeon.
You were hungry.

You visited 1 branch of the dungeon, and saw 4 of its levels.

You collected 274 gold pieces.

Inventory:

Hand Weapons
 a - a +1 flail (weapon)
Armour
 b - a +0 scale mail
 c - a +1 shield (worn)
 e - a +0 pair of gloves (worn)
 h - a +0 chain mail
 j - a +0 plate armour (worn)
Jewellery
 d - an uncursed ring of ice
 i - a ring of poison resistance (left hand)
Wands
 k - a wand of flame (23)
Scrolls
 g - 4 scrolls of identify
 l - 2 scrolls of teleportation
 m - a scroll of remove curse
 p - a scroll of amnesia
Potions
 n - a potion of haste
 o - 2 potions of brilliance
Comestibles
 f - 6 rations


   Skills:
 - Level 3.6 Fighting
 + Level 9.2 Maces & Flails
 - Level 3.6 Armour
 - Level 3.6 Shields


You had 6 spell levels left.
You didn't know any spells.
Your spell library was empty.

Dungeon Overview and Level Annotations

Branches:
Dungeon (4/15)
 Temple: D:4-7

Altars:
Ashenzari
Gozag
Hepliaklqana
Qazlal

Shops:
D:4 (


Innate Abilities, Weirdness & Mutations

You reflexively headbutt those who attack you in melee.
You have a pair of horns on your head.


Message History

There is a stone staircase leading down here.
You start resting.
A sky beast appears from thin air!
The sky beast hits you.
* * * LOW HITPOINT WARNING * * *
The sky beast shocks you.
* * * LOW HITPOINT WARNING * * *
You sock the sky beast! Your headbutt misses the sky beast.
The sky beast is almost dead.
You hit the sky beast but do no damage.
The sky beast is almost dead.
The sky beast hits you.
* * * LOW HITPOINT WARNING * * *
The sky beast shocks you.
* * * LOW HITPOINT WARNING * * *
You are feeling hungry.
You miss the sky beast.
The sky beast is almost dead.
The sky beast hits you.
* * * LOW HITPOINT WARNING * * *
The sky beast shocks you.
You die...

#.###..#.##########
#.###..#.# #........#
#......### #####.##
#..## ### # #...##
##.## # ######
##.#.## # ##@##
##.###.## # #########
#8.Y.8####.## ##.###
#.......#
#.....##..## ##.##
#.......#
#8.....8###.## ##.###
#.......######.....##
##.###.## #
#...........##8...8#
##.#.##
#.......######.....#
##.## #.......#
#8.....8 #.#
#.......# #.....#
####.######


You could see a sky beast.

Vanquished Creatures
  A bullfrog (D:4)
  3 orc priests
  A hound (D:4)
  Terence (D:2)
  2 iguanas
  An orc wizard (D:3)
  A worker ant (D:4)
  A hound skeleton (D:4)
  4 gnolls (D:2)
  5 adders
  An ooze (D:4)
  An adder skeleton (D:4)
  4 worms
  4 leopard geckos
  10 orcs
  A ball python (D:1)
  4 giant cockroaches
  8 hobgoblins
  17 jackals
  7 bats
  8 frilled lizards
  4 goblins
  9 kobolds
  A quokka skeleton (D:4)
  4 rats
103 creatures vanquished.

Notes
Turn   | Place    | Note
-------+----------+-------------------------------------------
     0 | D:1      | Curus the Minotaur Fighter began the quest for the Orb.
     0 | D:1      | Reached XP level 1. HP: 19/19 MP: 0/0
   119 | D:1      | Reached skill level 3 in Maces & Flails
   130 | D:1      | Reached XP level 2. HP: 19/26 MP: 1/1
   270 | D:1      | Reached skill level 4 in Maces & Flails
  1021 | D:2      | Reached XP level 3. HP: 31/31 MP: 2/2
  1042 | D:2      | Reached skill level 5 in Maces & Flails
  1043 | D:2      | Reached XP level 4. HP: 8/39 MP: 3/3
  1389 | D:2      | Noticed Terence
  1394 | D:2      | Killed Terence
  1403 | D:2      | Reached skill level 6 in Maces & Flails
  1607 | D:2      | Found an opulent altar of Gozag.
  1759 | D:2      | Reached XP level 5. HP: 36/45 MP: 4/4
  1853 | D:2      | Found a shattered altar of Ashenzari.
  2432 | D:3      | Found a stormy altar of Qazlal.
  2629 | D:3      | Reached skill level 7 in Maces & Flails
  2802 | D:3      | Found a hazy altar of Hepliaklqana.
  2862 | D:3      | Reached XP level 6. HP: 23/51 MP: 5/5
  3117 | D:4      | Reached skill level 8 in Maces & Flails
  3351 | D:4      | Reached skill level 9 in Maces & Flails
  3501 | D:4      | Found Waomenio's Antique Weapon Shoppe.
  3595 | D:4      | Reached XP level 7. HP: 53/57 MP: 6/6
  3753 | D:3      | HP: 2/57 [sky beast (1)]
  3753 | D:3      | Slain by a sky beast

Levels and vault maps discovered:
D:1:      dpeg_arrival_circle_labyrinth_c, layout_basic, serial_curves,
          eino_curves_02, eino_curves_02, st_stairs_13, minivault_24
D:2:      layout_basic, ashenzari_conservatory_becter, lemuel_round_altar,
          first_ration, uniq_terence
D:3:      layout_loops_corners, nicolae_overflow_hidden_temple,
          nicolae_qazlal_eye_of_the_storm
D:4:      layout_basic, serial_shops, shop, hangedman_decor_growths,
          minmay_crossroads

Skill      XL: |  1  2  3  4  5  6 |
---------------+-------------------+-----
Maces & Flails | 3 4 5 6 7 9 |  9.2
Fighting       | |  3.6
Armour         | |  3.6
Shields        | |  3.6

Action                   |  1- 3 |  4- 6 |  7- 9 || total
-------------------------+-------+-------+-------++-------
Melee: Flail             |    78 |   232 |    31 ||   341
       Headbutt          |     5 |    36 |     7 ||    48
Evoke: Wand              |       |     1 |       ||     1
  Use: Scroll            |     4 |     4 |     1 ||     9
       Potion            |     4 |     4 |       ||     8
  Eat: Chunk             |       |     9 |       ||     9
Armor: Scale mail        |    17 |       |       ||    17
       Chain mail        |    12 |    22 |       ||    34
       Plate armour      |       |    91 |    18 ||   109
Dodge: Dodged            |    18 |    20 |     2 ||    40
Block: Shield            |    33 |    97 |     8 ||   138
